[Event "2023 Fred Maris Cup (Division F)"]
[Site "Woodvale, Perth WA AUS"]
[Date "2023.07.19"]
[Round "6"]
[White "Owen, Geoffrey"]
[Black "Lanham, Bruce"]
[Result "1-0"]
[ECO "A00"]
[WhiteElo "1030"]
[BlackElo "1206"]
[PlyCount "97"]
[EventDate "2023.06.14"]
[EventType "swiss"]
[EventRounds "6"]
[EventCountry "AUS"]
[TimeControl "3000+30"]

1. c3 d5 2. Qa4+ Nc6 3. g4 Nf6 4. h3 e6 5. Bg2 Bd7 6. d3 Bd6 7. Nd2 Qe7 8. Nf1
Nb4 9. Qb3 Nc6 10. g5 Nh5 11. Bf3 O-O-O 12. Bxh5 g6 13. Bf3 Na5 14. Qc2 c5 15.
d4 c4 16. e4 dxe4 17. Qxe4 Rde8 18. Ne3 Bc6 19. Qg4 f5 20. gxf6 Qxf6 21. Bxc6
h5 22. Bxb7+ Nxb7 23. Qe2 Bf4 24. Bd2 e5 25. d5 Bxe3 26. Bxe3 Qa6 27. Nf3 Nd6
28. Ng5 Rhf8 29. Bc5 Rf5 30. Bxd6 Rxg5 31. h4 Rf5 32. Bc5 e4 33. Rh3 Rxd5 34.
Bd4 Kd7 35. b3 Qe6 36. Qxc4 Rc8 37. Qa4+ Kd6 38. O-O-O Qxh3 39. Qb4+ Ke6 40. c4
Rd7 41. Qb5 Rxd4 42. Qa6+ Ke7 43. Qxa7+ Ke8 44. Rxd4 Qc3+ 45. Kd1 Qxd4+ 46.
Qxd4 Rd8 47. Qxd8+ Kxd8 48. Kd2 Ke7 49. Ke3 1-0

[Event "2023 Fred Maris Cup (Division F)"]
[Site "Woodvale, Perth WA AUS"]
[Date "2023.07.19"]
[Round "6"]
[White "Jahn, Harold"]
[Black "Overste, Brian"]
[Result "0-1"]
[ECO "D00"]
[WhiteElo "1081"]
[BlackElo "972"]
[PlyCount "66"]
[EventDate "2023.06.14"]
[EventType "swiss"]
[EventRounds "6"]
[EventCountry "AUS"]
[TimeControl "3000+30"]

1. d4 d5 2. f3 Nc6 3. c3 e6 4. Bf4 g5 5. Bg3 h5 6. e3 h4 7. Bf2 f5 8. Ne2 Nf6
9. Nd2 Bd7 10. Qb3 Na5 11. Qc2 Bd6 12. O-O-O Qe7 13. a3 O-O-O 14. Re1 Qe8 15.
b4 Ba4 16. Qb2 Nc4 17. Nxc4 dxc4 18. d5 Nxd5 19. Nd4 Nb6 20. e4 f4 21. Ne2 e5
22. Bxb6 axb6 23. Ng1 b5 24. Nh3 Qg6 25. Qf2 Rd7 26. Qa7 c6 27. Rd1 Bxd1 28.
Kxd1 Bb8+ 29. Qd4 exd4 30. cxd4 Rxd4+ 31. Kc1 Rhd8 32. Kc2 Rd2+ 33. Kc1 Qg7 0-1

[Event "2023 Fred Maris Cup (Division F)"]
[Site "Woodvale, Perth WA AUS"]
[Date "2023.07.19"]
[Round "6"]
[White "May, Wendy"]
[Black "Gough, Sebastian"]
[Result "1-0"]
[ECO "B08"]
[WhiteElo "914"]
[BlackElo "1072"]
[PlyCount "43"]
[EventDate "2023.06.14"]
[EventType "swiss"]
[EventRounds "6"]
[EventCountry "AUS"]
[TimeControl "3000+30"]

1. e4 Nf6 2. Nc3 d6 3. d4 c6 4. Nf3 g6 5. e5 dxe5 6. Nxe5 Bf5 7. Bc4 Nd5 8.
Nxd5 cxd5 9. Bb5+ Nd7 10. Bxd7+ Bxd7 11. Qf3 Be6 12. O-O Bg7 13. Re1 Qa5 14. c3
Bxe5 15. dxe5 d4 16. Qxb7 O-O 17. Qxe7 dxc3 18. Bh6 cxb2 19. Rab1 Bxa2 20. Qf6
Qxe1+ 21. Rxe1 b1=Q 22. Qg7# 1-0

[Event "2023 Wolfgang Leonhardt Cup"]
[Site "Woodvale, Perth WA AUS"]
[Date "2023.08.09"]
[Round "1"]
[White "Maggs, Derwent"]
[Black "Stortz, Robert"]
[Result "1-0"]
[ECO "D35"]
[WhiteElo "2251"]
[BlackElo "1796"]
[PlyCount "73"]
[EventDate "2023.08.09"]
[EventType "swiss"]
[EventRounds "7"]
[EventCountry "AUS"]
[TimeControl "3600+30"]

1. d4 d5 2. c4 e6 3. Nc3 Nf6 4. cxd5 exd5 5. Bg5 c6 6. e3 Bb4 7. Qb3 Be7 8. Bd3
Nbd7 9. Nge2 h6 10. Bh4 O-O 11. O-O Ne8 12. Bxe7 Qxe7 13. Rae1 Nd6 14. Ng3 Nf6
15. f3 Qc7 16. Na4 Be6 17. Nc5 Rae8 18. e4 Nd7 19. Nxe6 fxe6 20. e5 Nc8 21. Bb1
Rf4 22. Ne2 Rff8 23. Qd3 Ne7 24. Qh7+ Kf7 25. Nf4 Qb6 26. Bg6+ Nxg6 27. Qxg6+
Kg8 28. Nxe6 Rf7 29. Nxg7 Ree7 30. Nf5+ Kf8 31. Qxh6+ Ke8 32. Nd6+ Kd8 33.
Nxf7+ Rxf7 34. e6 Qxd4+ 35. Kh1 Rf6 36. e7+ Kc7 37. Qe3 1-0

[Event "2023 Wolfgang Leonhardt Cup"]
[Site "Woodvale, Perth WA AUS"]
[Date "2023.08.09"]
[Round "1"]
[White "Gough, Dylan"]
[Black "Lakner, Jay"]
[Result "0-1"]
[ECO "A87"]
[WhiteElo "1762"]
[BlackElo "2144"]
[PlyCount "88"]
[EventDate "2023.08.09"]
[EventType "swiss"]
[EventRounds "7"]
[EventCountry "AUS"]
[TimeControl "3600+30"]

1. d4 f5 2. Nf3 g6 3. g3 Nf6 4. Bg2 Bg7 5. c4 O-O 6. O-O d6 7. Qb3 h6 8. Nc3
Nc6 9. Qd1 a6 10. e3 Qe8 11. Nd2 e5 12. d5 Ne7 13. e4 f4 14. b4 g5 15. f3 g4
16. Nb3 Qh5 17. fxg4 Bxg4 18. Bf3 fxg3 19. hxg3 Qh3 20. Qe2 Qxg3+ 21. Qg2 Qxg2+
22. Kxg2 Bxf3+ 23. Rxf3 Nh5 24. Rxf8+ Rxf8 25. Be3 Ng6 26. Nd2 Nhf4+ 27. Kg3 h5
28. Nf3 Bh6 29. Rh1 Kg7 30. b5 Nd3 31. Bxh6+ Kxh6 32. bxa6 bxa6 33. Ne2 Nc5 34.
Nc3 Rf4 35. Nd2 h4+ 36. Kg2 Kh5 37. Rf1 Rg4+ 38. Kh2 Nf4 39. Nb3 Rg2+ 40. Kh1
Ncd3 41. Nd1 Rxa2 42. Ne3 Nf2+ 43. Kg1 N4h3+ 44. Kh2 Ng4+ 0-1

[Event "2023 Wolfgang Leonhardt Cup"]
[Site "Woodvale, Perth WA AUS"]
[Date "2023.08.09"]
[Round "1"]
[White "Saxon, Marc"]
[Black "Leonhardt, Wolfgang"]
[Result "1-0"]
[ECO "B24"]
[WhiteElo "2053"]
[BlackElo "1760"]
[PlyCount "81"]
[EventDate "2023.08.09"]
[EventType "swiss"]
[EventRounds "7"]
[EventCountry "AUS"]
[TimeControl "3600+30"]

1. e4 e6 2. d3 c5 3. g3 Nc6 4. Bg2 g6 5. Nc3 Bg7 6. Nge2 Nge7 7. Bg5 a6 8. f4
f6 9. Bh4 O-O 10. g4 d6 11. O-O Rb8 12. Qe1 Nd4 13. Nxd4 cxd4 14. Ne2 e5 15. f5
Bh6 16. c3 dxc3 17. Nxc3 Qb6+ 18. Kh1 Bf4 19. Qe2 g5 20. Bf2 Qa5 21. a3 Qc7 22.
Be3 b5 23. Rac1 Qb7 24. b4 Bd7 25. Rc2 Rbc8 26. Bxf4 gxf4 27. Rfc1 Bc6 28. Bf3
Qb6 29. Rg1 h6 30. Qe1 Kh7 31. Nd1 Qd4 32. Rd2 Be8 33. Qh4 Rc1 34. g5 fxg5 35.
Rxg5 Rxd1+ 36. Bxd1 Qe3 37. Rdg2 Ng6 38. fxg6+ Kg7 39. Rf5 Rxf5 40. exf5 Qa7
41. f6+ 1-0

[Event "2023 Wolfgang Leonhardt Cup"]
[Site "Woodvale, Perth WA AUS"]
[Date "2023.08.09"]
[Round "1"]
[White "Bhatia, Abhay"]
[Black "Gibson, Jacob"]
[Result "0-1"]
[ECO "B90"]
[WhiteElo "1678"]
[BlackElo "1987"]
[PlyCount "40"]
[EventDate "2023.08.09"]
[EventType "swiss"]
[EventRounds "7"]
[EventCountry "AUS"]
[TimeControl "3600+30"]

1. e4 c5 2. Nf3 d6 3. d4 cxd4 4. Nxd4 Nf6 5. Nc3 a6 6. Bc4 Nbd7 7. a4 g6 8. O-O
Bg7 9. Nf3 O-O 10. Bg5 Qc7 11. Qe2 h6 12. Bd2 e6 13. Rad1 g5 14. h3 b6 15. Bd3
Bb7 16. Nh2 d5 17. f4 dxe4 18. Bxe4 Nxe4 19. Nxe4 Qxc2 20. fxg5 Qxe4 0-1

[Event "2023 Wolfgang Leonhardt Cup"]
[Site "Woodvale, Perth WA AUS"]
[Date "2023.08.09"]
[Round "1"]
[White "Plaganyi, Gyula"]
[Black "Oswald, Franz"]
[Result "1-0"]
[ECO "A33"]
[WhiteElo "1972"]
[WhiteTitle "CM"]
[BlackElo "1641"]
[PlyCount "95"]
[EventDate "2023.08.09"]
[EventType "swiss"]
[EventRounds "7"]
[EventCountry "AUS"]
[TimeControl "3600+30"]

1. Nf3 Nf6 2. c4 c5 3. Nc3 Nc6 4. g3 d6 5. Bg2 e6 6. O-O Be7 7. d4 cxd4 8. Nxd4
Bd7 9. e4 Nxd4 10. Qxd4 Bc6 11. Rd1 O-O 12. b3 Nd7 13. Bb2 e5 14. Qd2 Nc5 15.
Nd5 Bxd5 16. Qxd5 Qb6 17. Rac1 Qc6 18. Ba3 Qxd5 19. Rxd5 Rac8 20. Rcd1 b6 21.
f4 f6 22. f5 a5 23. Kf2 g6 24. g4 gxf5 25. gxf5 Kf7 26. Bf3 Rg8 27. h4 Ke8 28.
Bh5+ Kd7 29. Bxc5 bxc5 30. Bf7 Rg4 31. Be6+ Kc7 32. Bxc8 Kxc8 33. Kf3 Rxh4 34.
Rg1 Rh3+ 35. Rg3 Rh2 36. a4 Kd7 37. Rd1 Bf8 38. Rdg1 Bh6 39. R1g2 Rh4 40. Rg4
Rh3+ 41. R2g3 Rh2 42. Rg2 Rh3+ 43. R4g3 Rh4 44. Rg4 Rh3+ 45. R2g3 Rh2 46. Rg8
Kc6 47. Ra8 Kb6 48. Rgg8 1-0

[Event "2023 Wolfgang Leonhardt Cup"]
[Site "Woodvale, Perth WA AUS"]
[Date "2023.08.09"]
[Round "1"]
[White "Garang, Kuol Awan"]
[Black "Davoll, Josh"]
[Result "0-1"]
[ECO "B21"]
[WhiteElo "1632"]
[BlackElo "1917"]
[PlyCount "76"]
[EventDate "2023.08.09"]
[EventType "swiss"]
[EventRounds "7"]
[EventCountry "AUS"]
[TimeControl "3600+30"]

1. e4 c5 2. f4 Nc6 3. c3 d5 4. exd5 Qxd5 5. Qf3 Qd6 6. Na3 a6 7. Nc4 Qc7 8. d3
Nf6 9. f5 Ne5 10. Qf4 Nfd7 11. d4 cxd4 12. cxd4 f6 13. dxe5 fxe5 14. Qf3 Nf6
15. Be3 e6 16. Bb6 Bb4+ 17. Kd1 Qd7+ 18. Kc2 O-O 19. Rd1 Nd5 20. fxe6 Qa4+ 21.
Qb3 Nxb6 22. Nxb6 Qc6+ 23. Qc4 Rf2+ 24. Kb1 Qxb6 25. Rd8+ Bf8 26. e7+ Be6 27.
exf8=Q+ Rxf8 28. Rxf8+ Rxf8 29. Qc1 Bf5+ 30. Ka1 Rc8 31. Bc4+ Kh8 32. Qf1 Bg6
33. Nf3 Qd6 34. Qe2 e4 35. Ng5 Qc7 36. Rd1 b5 37. Ne6 Qxc4 38. Rd8+ Rxd8 0-1

[Event "2023 Wolfgang Leonhardt Cup"]
[Site "Woodvale, Perth WA AUS"]
[Date "2023.08.09"]
[Round "1"]
[White "Clarke, Daniel"]
[Black "Kerr, Lennon"]
[Result "1-0"]
[ECO "C02"]
[WhiteElo "1902"]
[BlackElo "1576"]
[PlyCount "53"]
[EventDate "2023.08.09"]
[EventType "swiss"]
[EventRounds "7"]
[EventCountry "AUS"]
[TimeControl "3600+30"]

1. e4 e6 2. d4 d5 3. e5 c5 4. c3 Nc6 5. Nf3 Qb6 6. a3 c4 7. Nbd2 Na5 8. b4 cxb3
9. Rb1 Bd7 10. Nxb3 Ba4 11. Nxa5 Bxd1 12. Rxb6 axb6 13. Bb5+ Kd8 14. Nxb7+ Kc7
15. Kxd1 Kxb7 16. a4 f6 17. Re1 f5 18. Ng5 h6 19. Nxe6 g5 20. Nxf8 Rxf8 21. Ba3
Rc8 22. Kd2 Rh7 23. Bd6 h5 24. Bd3 Ra8 25. Bxf5 Rf7 26. Be6 Rxf2+ 27. Ke3 1-0

[Event "2023 Wolfgang Leonhardt Cup"]
[Site "Woodvale, Perth WA AUS"]
[Date "2023.08.09"]
[Round "1"]
[White "Akers, Gerard"]
[Black "Janceski, Alex"]
[Result "1/2-1/2"]
[ECO "B95"]
[WhiteElo "1562"]
[BlackElo "1879"]
[PlyCount "126"]
[EventDate "2023.08.09"]
[EventType "swiss"]
[EventRounds "7"]
[EventCountry "AUS"]
[TimeControl "3600+30"]

1. e4 c5 2. Nf3 d6 3. d4 cxd4 4. Nxd4 Nf6 5. Nc3 a6 6. Bg5 e6 7. f3 Be7 8. Qd2
b5 9. a3 Bb7 10. O-O-O Nbd7 11. g4 Rc8 12. h4 h6 13. Be3 Ng8 14. Be2 Ne5 15. g5
Nc4 16. Bxc4 Rxc4 17. g6 Qc8 18. gxf7+ Kxf7 19. Rdg1 Bf6 20. Ndxb5 axb5 21.
Nxb5 Be7 22. Qg2 g5 23. hxg5 h5 24. g6+ Kg7 25. Nd4 Bf6 26. Rd1 Ne7 27. Nb5 d5
28. Nd6 Qc6 29. Nxc4 Qxc4 30. Bg5 Ng8 31. Bxf6+ Nxf6 32. Qg1 dxe4 33. Qa7 Qc6
34. fxe4 Rc8 35. Qf2 Qxe4 36. Rxh5 Kxg6 37. Rh4 Qf5 38. Rg1+ Kf7 39. Rf4 Rxc2+
40. Qxc2 Qxf4+ 41. Qd2 Qc4+ 42. Kb1 Bd5 43. b4 Qb3+ 44. Qb2 Ke7 45. Qxb3 Bxb3
46. Rg3 Ba4 47. Rc3 Nd5 48. Rc5 Kd6 49. Ra5 e5 50. Ra6+ Kc7 51. Re6 e4 52. Kc1
e3 53. Ra6 Bb5 54. Ra5 Kc6 55. a4 Bd3 56. b5+ Kb6 57. Ra6+ Kc5 58. Rc6+ Kb4 59.
Rd6 Bc4 60. b6 Nxb6 61. Rxb6+ Kxa4 62. Kd1 e2+ 63. Ke1 Bb5 1/2-1/2

[Event "2023 Wolfgang Leonhardt Cup"]
[Site "Woodvale, Perth WA AUS"]
[Date "2023.08.09"]
[Round "1"]
[White "Doshi, Chirag"]
[Black "Kerr, Carter"]
[Result "1-0"]
[ECO "C36"]
[WhiteElo "1870"]
[BlackElo "1485"]
[PlyCount "93"]
[EventDate "2023.08.09"]
[EventType "swiss"]
[EventRounds "7"]
[EventCountry "AUS"]
[TimeControl "3600+30"]

1. e4 e5 2. f4 d5 3. exd5 exf4 4. Nf3 Qxd5 5. Nc3 Qe6+ 6. Be2 Nf6 7. d4 Bb4 8.
O-O O-O 9. Bxf4 Bxc3 10. bxc3 Nd5 11. Bd2 Ne3 12. Bxe3 Qxe3+ 13. Kh1 Qxc3 14.
Bd3 Bg4 15. h3 Bh5 16. Rb1 Nd7 17. Rb3 Qc6 18. Bxh7+ Kxh7 19. Ng5+ Kg6 20. Qd3+
Kxg5 21. Rf5+ Kh6 22. Qd2+ Kg6 23. Qg5+ Kh7 24. Qxh5+ Qh6 25. Qf3 g6 26. Rf4
Nb6 27. Qf2 Kg7 28. Rbf3 f5 29. Qg3 Nd5 30. Rh4 Qc1+ 31. Kh2 f4 32. Qg5 Rf5 33.
Qh6+ Kf6 34. Rg4 Rg8 35. Qh7 Rg7 36. Qh8 Qxc2 37. Qf8+ Rf7 38. Qh8+ Ke7 39.
Rxg6 R5f6 40. Rg8 Qh7 41. Re8+ Kd7 42. Rd8+ Kc6 43. Qe8+ Rd7 44. Rf1 Qe7 45.
Rc1+ Kd6 46. Rxd7+ Qxd7 47. Qe5# 1-0

[Event "2023 Wolfgang Leonhardt Cup"]
[Site "Woodvale, Perth WA AUS"]
[Date "2023.08.09"]
[Round "1"]
[White "Berry, Alistair"]
[Black "Curthoys, Edward"]
[Result "1/2-1/2"]
[ECO "B13"]
[WhiteElo "1383"]
[BlackElo "1848"]
[PlyCount "37"]
[EventDate "2023.08.09"]
[EventType "swiss"]
[EventRounds "7"]
[EventCountry "AUS"]
[TimeControl "3600+30"]

1. e4 c6 2. d4 d5 3. exd5 cxd5 4. c4 Nc6 5. Nf3 Nf6 6. h3 e6 7. Nc3 h6 8. a3
dxc4 9. Bxc4 Bd6 10. O-O O-O 11. Be3 b6 12. Re1 Ne7 13. Qe2 Bb7 14. Rad1 Ned5
15. Nxd5 Nxd5 16. Bd3 Nf4 17. Bxf4 Bxf4 18. Be4 Bd5 19. Ne5 1/2-1/2

[Event "2023 John Brooke Cup"]
[Site "Woodvale, Perth WA AUS"]
[Date "2023.08.09"]
[Round "1"]
[White "Michael, Ashley"]
[Black "Lanham, Bruce"]
[Result "1-0"]
[ECO "B01"]
[WhiteElo "1588"]
[BlackElo "1206"]
[PlyCount "41"]
[EventDate "2023.08.09"]
[EventType "swiss"]
[EventRounds "7"]
[EventCountry "AUS"]
[TimeControl "3600+30"]

1. e4 d5 2. exd5 Qxd5 3. Nc3 Qa5 4. d4 Nf6 5. Bd2 Bg4 6. f3 Bd7 7. Bc4 Qb6 8.
Nge2 e6 9. a3 c5 10. d5 exd5 11. Nxd5 Qd8 12. Nec3 Nc6 13. Bf4 Nxd5 14. Nxd5
Qh4+ 15. g3 Qh5 16. Qe2+ Be6 17. Nc7+ Kd7 18. Bxe6+ Kd8 19. O-O-O+ Nd4 20. Bg4
Qg6 21. Qe8# 1-0

[Event "2023 John Brooke Cup"]
[Site "Woodvale, Perth WA AUS"]
[Date "2023.08.09"]
[Round "1"]
[White "Bordas, Lindsay"]
[Black "Leech, Martin"]
[Result "0-1"]
[ECO "C01"]
[WhiteElo "1122"]
[BlackElo "1522"]
[PlyCount "70"]
[EventDate "2023.08.09"]
[EventType "swiss"]
[EventRounds "7"]
[EventCountry "AUS"]
[TimeControl "3600+30"]

1. e4 e6 2. Nf3 d5 3. exd5 exd5 4. d4 Nf6 5. Bg5 h6 6. Bxf6 Qxf6 7. c4 Be6 8.
Qb3 b6 9. cxd5 Bf5 10. Bb5+ Nd7 11. Ne5 Rd8 12. Qa4 Bd6 13. Bxd7+ Bxd7 14. Nxd7
Rxd7 15. O-O Qd8 16. Re1+ Be7 17. Nc3 O-O 18. Re5 Bd6 19. Rh5 Re8 20. g3 a5 21.
Qd1 Qf6 22. Qg4 Rde7 23. Qf5 Qxd4 24. Rh4 Qd2 25. Re4 Qxb2 26. Rae1 Qxc3 27.
R1e3 Qa1+ 28. Re1 Qxa2 29. R1e2 Qa3 30. R2e3 Qc5 31. Rf3 b5 32. Rg4 g6 33. Qh5
Qc1+ 34. Kg2 Rf8 35. Qxh6 Qxh6 0-1

[Event "2023 John Brooke Cup"]
[Site "Woodvale, Perth WA AUS"]
[Date "2023.08.09"]
[Round "1"]
[White "Frankland, David"]
[Black "Massam, Justin"]
[Result "0-1"]
[ECO "C20"]
[WhiteElo "1098"]
[BlackElo "1479"]
[PlyCount "106"]
[EventDate "2023.08.09"]
[EventType "swiss"]
[EventRounds "7"]
[EventCountry "AUS"]
[TimeControl "3600+30"]

1. e4 e5 2. h3 Nc6 3. c3 Nf6 4. d3 Bc5 5. b4 Bb6 6. Na3 d5 7. f3 d4 8. Bd2 dxc3
9. Bxc3 Nd4 10. Nc2 O-O 11. Ne2 Nxc2+ 12. Qxc2 Re8 13. f4 exf4 14. Nxf4 Nd7 15.
O-O-O Qg5 16. Bd2 Qf6 17. Nd5 Qa1+ 18. Qb1 Qe5 19. Bf4 Qe6 20. Qc2 c6 21. Nc3
a5 22. b5 Qf6 23. Ne2 cxb5 24. g3 Re6 25. Kd2 Rc6 26. Qb1 b4 27. Bg2 Ne5 28.
Rc1 Be6 29. Rxc6 bxc6 30. Rc1 c5 31. Qa1 Bc7 32. Bxe5 Bxe5 33. Qb1 Rc8 34. Rf1
Qh6+ 35. Kc2 Bxh3 36. Rg1 Bxg2 37. Rxg2 Rd8 38. Kb3 Qe3 39. Kc4 h6 40. Nc1 a4
41. g4 Qd4+ 42. Kb5 Rb8+ 43. Kxa4 Ra8+ 44. Kb3 Ra3+ 45. Kc2 Bf4 46. Nb3 Qc3+
47. Kd1 c4 48. dxc4 Qf3+ 49. Re2 Qxg4 50. Qc2 Ra8 51. Qd3 Bg5 52. Qb1 Rd8+ 53.
Nd2 Rxd2+ 0-1

[Event "2023 John Brooke Cup"]
[Site "Woodvale, Perth WA AUS"]
[Date "2023.08.09"]
[Round "1"]
[White "Howard, Mark"]
[Black "Young, Manfred"]
[Result "1/2-1/2"]
[ECO "C02"]
[WhiteElo "1452"]
[BlackElo "1090"]
[PlyCount "60"]
[EventDate "2023.08.09"]
[EventType "swiss"]
[EventRounds "7"]
[EventCountry "AUS"]
[TimeControl "3600+30"]

1. e4 e6 2. Nf3 Nc6 3. d4 d5 4. e5 Be7 5. Bb5 Bd7 6. Bxc6 Bxc6 7. Nc3 a6 8. a3
h6 9. Be3 b5 10. b4 Qd7 11. Qd2 f6 12. O-O O-O-O 13. Rfb1 g5 14. Qd3 f5 15. a4
Kb7 16. axb5 Bxb5 17. Nxb5 Qxb5 18. Qxb5+ axb5 19. c3 c6 20. Ra2 Ra8 21. Rxa8
Kxa8 22. Bc1 Bd8 23. Nd2 Ne7 24. Nb3 Re8 25. Nc5 Ng6 26. Ra1+ Kb8 27. g3 Bb6
28. Nd7+ Kc7 29. Nf6 Rf8 30. Kg2 Kb7 1/2-1/2

[Event "2023 John Brooke Cup"]
[Site "Woodvale, Perth WA AUS"]
[Date "2023.08.09"]
[Round "1"]
[White "Jahn, Harold"]
[Black "Brooke, John"]
[Result "0-1"]
[ECO "A45"]
[WhiteElo "1081"]
[BlackElo "1435"]
[PlyCount "86"]
[EventDate "2023.08.09"]
[EventType "swiss"]
[EventRounds "7"]
[EventCountry "AUS"]
[TimeControl "3600+30"]

1. d4 d5 2. f3 Nf6 3. e3 Bf5 4. Bd3 Bxd3 5. Qxd3 e6 6. Ne2 Nc6 7. a3 Be7 8.
Nbc3 a6 9. O-O Na5 10. Bd2 Nc4 11. Na4 b5 12. Nc5 Nxb2 13. Qc3 Na4 14. Nxa4
bxa4 15. Qa5 O-O 16. Nf4 Qd7 17. Nd3 Bd6 18. Bb4 Ne8 19. Bxd6 Nxd6 20. Nc5 Qc6
21. h4 Nf5 22. Qe1 Rfd8 23. g4 Nd6 24. h5 Nc4 25. Ra2 f6 26. h6 g6 27. f4 Re8
28. e4 Rab8 29. e5 f5 30. gxf5 exf5 31. Rf3 Kf7 32. e6+ Ke7 33. Re3 Nxe3 34.
Qxe3 Rb1+ 35. Kg2 Qb5 36. Qe5 Qf1+ 37. Kg3 Qg1+ 38. Kf3 Rf1+ 39. Ke2 Re1+ 40.
Kd2 Rxe5 41. dxe5 Qxc5 42. c4 Qxc4 43. Ke3 Qxa2 0-1

[Event "2023 John Brooke Cup"]
[Site "Woodvale, Perth WA AUS"]
[Date "2023.08.09"]
[Round "1"]
[White "Porteus, Grant"]
[Black "Gough, Sebastian"]
[Result "0-1"]
[ECO "D00"]
[WhiteElo "1381"]
[BlackElo "1072"]
[PlyCount "70"]
[EventDate "2023.08.09"]
[EventType "swiss"]
[EventRounds "7"]
[EventCountry "AUS"]
[TimeControl "3600+30"]

1. d4 d5 2. Bf4 Bf5 3. c3 Nd7 4. Nd2 Be6 5. e4 dxe4 6. Nxe4 Ndf6 7. Bd3 g6 8.
Nc5 Bd5 9. Nf3 b6 10. Na6 Rc8 11. Nb4 e6 12. Qa4+ Qd7 13. Bb5 c6 14. Ba6 Rd8
15. Ne5 b5 16. Qa5 Bxb4 17. Qxb4 Qe7 18. Qxe7+ Nxe7 19. Bg5 Ne4 20. Bxe7 Kxe7
21. f3 Nf6 22. Bb7 Rd6 23. b3 Rb8 24. c4 Rxb7 25. cxd5 Rxd5 26. Nxc6+ Kd6 27.
Ne5 Rxd4 28. O-O Kxe5 29. Rae1+ Kd5 30. f4 Rd2 31. Re5+ Kd6 32. Rf3 Rc7 33. h3
Rcc2 34. Rg3 Rxa2 35. Rxb5 Ne4 0-1

[Event "2023 John Brooke Cup"]
[Site "Woodvale, Perth WA AUS"]
[Date "2023.08.09"]
[Round "1"]
[White "Markou, Victor"]
[Black "Hounsome, David"]
[Result "0-1"]
[ECO "C00"]
[WhiteElo "1039"]
[BlackElo "1370"]
[PlyCount "80"]
[EventDate "2023.08.09"]
[EventType "swiss"]
[EventRounds "7"]
[EventCountry "AUS"]
[TimeControl "3600+30"]

1. e4 b6 2. Nf3 Bb7 3. d3 e6 4. g3 d5 5. Nbd2 Nd7 6. Bg2 Bd6 7. O-O Ne7 8. Re1
O-O 9. Nf1 f6 10. Ne3 c5 11. c3 Qc7 12. Bh3 e5 13. Be6+ Kh8 14. Nf5 dxe4 15.
dxe4 Nxf5 16. exf5 Rfe8 17. c4 Nf8 18. Bd5 Bxd5 19. cxd5 Rad8 20. Nd2 Qb7 21.
Nc4 Bb8 22. Ne3 Rd7 23. a3 g6 24. Ng4 Rd6 25. Rb1 Rxd5 26. Qe2 Qf7 27. fxg6
Qxg6 28. Be3 Ne6 29. Rbd1 Nd4 30. Bxd4 cxd4 31. Qf3 Rd6 32. Rc1 e4 33. Qd1 f5
34. f4 fxg4 35. Rc4 d3 36. Qd2 Qe6 37. Rcxe4 Qxe4 38. Rxe4 Rxe4 39. Kf2 Re2+
40. Qxe2 dxe2 0-1

[Event "2023 John Brooke Cup"]
[Site "Woodvale, Perth WA AUS"]
[Date "2023.08.09"]
[Round "1"]
[White "Powell, Darren"]
[Black "Owen, Geoffrey"]
[Result "1-0"]
[ECO "B12"]
[WhiteElo "1337"]
[BlackElo "1030"]
[PlyCount "71"]
[EventDate "2023.08.09"]
[EventType "swiss"]
[EventRounds "7"]
[EventCountry "AUS"]
[TimeControl "3600+30"]

1. e4 c6 2. Nc3 d6 3. d4 h6 4. Bc4 Nd7 5. Qf3 e6 6. Be3 g5 7. O-O-O b5 8. Bb3
a5 9. a4 b4 10. Nce2 Bg7 11. e5 d5 12. Qh5 Ba6 13. f4 Bxe2 14. Nxe2 Qe7 15. Ng3
O-O-O 16. f5 Qe8 17. f6 Bf8 18. Qe2 Nb8 19. Kb1 Rd7 20. Rc1 Rc7 21. c4 bxc3 22.
Rxc3 Bb4 23. Rc2 Qd7 24. Qg4 Nxf6 25. exf6 Rb7 26. Ka2 Rb6 27. Rf2 Qb7 28. Qd1
Kd7 29. h4 Na6 30. Ne2 Nc7 31. Nc1 Nb5 32. Nd3 Nc3+ 33. bxc3 Bxc3 34. Nc5+ Kc7
35. Nxb7 Rxb7 36. Rc2 1-0

[Event "2023 John Brooke Cup"]
[Site "Woodvale, Perth WA AUS"]
[Date "2023.08.09"]
[Round "1"]
[White "Overste, Brian"]
[Black "Ross, Leo"]
[Result "0-1"]
[ECO "B10"]
[WhiteElo "972"]
[BlackElo "1335"]
[PlyCount "60"]
[EventDate "2023.08.09"]
[EventType "swiss"]
[EventRounds "7"]
[EventCountry "AUS"]
[TimeControl "3600+30"]

1. e4 c6 2. Bc4 d5 3. Bd3 dxe4 4. Bxe4 Nf6 5. Qe2 Nxe4 6. Qxe4 Nd7 7. d4 Nf6 8.
Qd3 e5 9. Ne2 Bg4 10. f3 Bh5 11. Nbc3 Bb4 12. Bd2 Bg6 13. Qc4 exd4 14. Nxd4
Qe7+ 15. Nce2 Bxd2+ 16. Kxd2 O-O 17. Rae1 Nd5 18. Nf4 Qg5 19. Nde2 Rad8 20. Kc1
Ne3 21. h4 Qa5 22. Qb3 Qd2+ 23. Kb1 Bxc2+ 24. Qxc2 Qxc2+ 25. Ka1 Rd2 26. Rb1
Rfd8 27. Nc3 Nc4 28. Rhe1 Na3 29. Re3 Nxb1 30. Nxb1 Qxb2# 0-1

[Event "2023 John Brooke Cup"]
[Site "Woodvale, Perth WA AUS"]
[Date "2023.08.09"]
[Round "1"]
[White "Sethuraman, Jaswanth Ram"]
[Black "Curtis, Calan"]
[Result "0-1"]
[ECO "A13"]
[WhiteElo "824"]
[BlackElo "1300"]
[PlyCount "64"]
[EventDate "2023.08.09"]
[EventType "swiss"]
[EventRounds "7"]
[EventCountry "AUS"]
[TimeControl "3600+30"]

1. c4 e6 2. g3 d5 3. e3 Nf6 4. d4 Ne4 5. Bg2 c6 6. Nf3 Nd7 7. cxd5 exd5 8. Nbd2
Bb4 9. O-O Bxd2 10. Bxd2 O-O 11. Bb4 Re8 12. Nd2 Ndf6 13. Nxe4 dxe4 14. Qc2 Nd5
15. Bc3 Qe7 16. a3 a5 17. Rfe1 Bf5 18. Qe2 Qd7 19. Qd2 Bg4 20. Bxa5 Bf3 21. Bc3
Re6 22. Bh3 Rae8 23. Bxe6 Qxe6 24. Qe2 Bxe2 25. Rxe2 Qg4 26. Rc2 Re6 27. a4 Rh6
28. Re1 Qh3 29. f4 exf3 30. b4 Nxc3 31. Kh1 Ne2 32. a5 Qg2# 0-1

[Event "2023 Wolfgang Leonhardt Cup"]
[Site "Woodvale, Perth WA AUS"]
[Date "2023.08.23"]
[Round "2"]
[White "Gibson, Jacob"]
[Black "Maggs, Derwent"]
[Result "0-1"]
[ECO "B90"]
[WhiteElo "1987"]
[BlackElo "2251"]
[PlyCount "58"]
[EventDate "2023.08.09"]
[EventType "swiss"]
[EventRounds "7"]
[EventCountry "AUS"]
[TimeControl "3600+30"]

1. e4 c5 2. Nf3 d6 3. d4 cxd4 4. Nxd4 Nf6 5. Nc3 a6 6. Be3 e5 7. Nb3 Be6 8. f3
Be7 9. Qd2 O-O 10. O-O-O a5 11. Bb5 Na6 12. g4 Nc7 13. g5 Nxb5 14. Nxb5 a4 15.
gxf6 axb3 16. cxb3 Bxf6 17. Kb1 Ra6 18. Rc1 d5 19. exd5 Bxd5 20. Nc7 Bxf3 21.
Nxa6 Bxh1 22. Qc2 Bf3 23. Nc5 Qd5 24. Ka1 Rc8 25. Qf5 Rd8 26. a3 b6 27. Rg1 Kh8
28. Bg5 Qxc5 29. Rf1 e4 0-1

[Event "2023 Wolfgang Leonhardt Cup"]
[Site "Woodvale, Perth WA AUS"]
[Date "2023.08.23"]
[Round "2"]
[White "Lakner, Jay"]
[Black "Plaganyi, Gyula"]
[Result "0-1"]
[ECO "A25"]
[WhiteElo "2144"]
[BlackElo "1972"]
[BlackTitle "CM"]
[PlyCount "74"]
[EventDate "2023.08.09"]
[EventType "swiss"]
[EventRounds "7"]
[EventCountry "AUS"]
[TimeControl "3600+30"]

1. c4 d6 2. Nc3 g6 3. g3 Bg7 4. Bg2 Nc6 5. e4 e5 6. Nge2 h5 7. d4 h4 8. f4 hxg3
9. hxg3 Rxh1+ 10. Bxh1 exd4 11. Nb5 Bg4 12. Qa4 Bxe2 13. Kxe2 a6 14. Na3 Qd7
15. Qb3 O-O-O 16. Bd2 Re8 17. Re1 Qg4+ 18. Kf2 Nge7 19. Bf3 Qd7 20. c5 Qe6 21.
Nc4 dxc5 22. f5 Qd7 23. g4 Ne5 24. Nxe5 Bxe5 25. Rh1 f6 26. Rh7 g5 27. Be2 b5
28. a4 c4 29. Bxc4 bxc4 30. Qxc4 Qc6 31. Qf7 Kd8 32. Bb4 Qc2+ 33. Kf1 Qb1+ 34.
Be1 Bg3 35. Rh1 Qxe1+ 36. Kg2 Qf2+ 37. Kh3 Rh8+ 0-1